 Dungeon Crawl Stone Soup version 0.29.1-15-g9cfb28693d (webtiles) character file.

Game seed: 14965541629675024832

5 s8an the Ducker (level 1, 0/10 HPs)
             Began as a Felid Berserker on Mar 17, 2023.
             Was a Follower of Trog.
             Slain by a jackal (2 damage)
             ... on level 1 of the Dungeon.
             The game lasted 00:01:07 (304 turns).

s8an the Ducker (Felid Berserker)                    Turns: 304, Time: 00:01:09

Health: 0/10       AC:  1    Str: 13    XL:     1   Next: 66%
Magic:  2/2        EV: 18    Int:  8    God:    Trog [*.....]
Gold:   0          SH:  0    Dex: 15    Spells: 0/0 levels left
                                        Lives:  0   Deaths: 0

rFire   . . .      SeeInvis +     - Unarmed
rCold   . . .      Faith    .   (shield unavailable)
rNeg    . . .      Spirit   .   (body armour unavailable)
rPois   .          Reflect  .   (helmet unavailable)
rElec   .          Harm     .   (cloak unavailable)
rCorr   .          Rampage  .   (gloves unavailable)
Will    .....                   (boots unavailable)
Stlth   ++........              (no amulet)
HPRegen 0.03/turn               (no ring)
MPRegen 0.08/turn               (no ring)

@: on berserk cooldown, slowed, slow
A: very small, claws 1, fangs 3, see invisible, speed 1, shaggy fur 1, stealthy
paws, no weapons or thrown items, no armour, multi-lived
a: Renounce Religion, Berserk


You were on level 1 of the Dungeon.
You worshipped Trog.
Trog was aware of your devotion.
You visited 1 branch of the dungeon, and saw 1 of its levels.

You aren't carrying anything.


   Skills:
 + Level 3.1 Fighting
 + Level 4.1 Dodging
 + Level 0.8 Stealth
 + Level 3.1 Unarmed Combat


You couldn't memorise any spells.
You didn't know any spells.
Your spell library was empty.

Dungeon Overview and Level Annotations

Branches:
Dungeon (1/15)

Altars:


Innate Abilities, Weirdness & Mutations

You have sharp claws.
You have razor-sharp teeth.
You have supernaturally acute eyesight. (SInv)
You cover ground quickly. (Speed+)
You are covered in fur. (AC +1)
Your paws help you pounce on unaware monsters.
You are incapable of wielding weapons or throwing items.
You cannot wear armour.
You gain extra lives every three experience levels.


Message History

A jackal comes into view.
You feel your anger nearly subside.
You are no longer berserk.
You are exhausted.
You feel yourself slow down.
You see here 3 gold pieces.
A jackal comes into view.
You see here 3 gold pieces.
The jackal attacks as you move away! The jackal completely misses you.
The jackal closely misses you. The jackal bites you.
You see here a +0 club.
The jackal completely misses you.
You closely miss the jackal. The jackal closely misses you.
You scratch the jackal but do no damage.
The jackal closely misses you. The jackal bites you.
You scratch the jackal but do no damage.
The jackal barely misses you. x2
You barely miss the jackal. The jackal closely misses you.
The jackal barely misses you.
You scratch the jackal.
The jackal is almost dead.
The jackal bites you.
* * * LOW HITPOINT WARNING * * *
The jackal misses you.
You barely miss the jackal.
The jackal is severely wounded.
The jackal bites you.
* * * LOW HITPOINT WARNING * * *
The jackal misses you.
You closely miss the jackal. You claw the jackal, but do no damage.
The jackal is heavily wounded.
The jackal barely misses you. The jackal closely misses you.
You claw the jackal!
You kill the jackal!
Trog accepts your kill. The jackal barely misses you.
You scratch the jackal.
The jackal is lightly wounded.
The jackal bites you.
You die...

....###... ##...~~≈ #
......... #...~~≈
#.##.....## ##...≈≈
#.....#...# #...~~
####..#...####.##...~
#..$........ #...~
#.###....... ##...
#h# ####### #... #@#
###### ##.. #.#
#....# #.. #.###....#
#.. #..##....# #''
##..#....# #..
##......# ##.
#.......# #.
#......#### #.
#....#....### ##


You could see a jackal.

Vanquished Creatures
  2 endoplasms (D:1)
  A jackal (D:1)
  A kobold (D:1)
4 creatures vanquished.

Notes
Turn   | Place    | Note
-------+----------+-------------------------------------------
     0 | D:1      | s8an the Felid Berserker began the quest for the Orb.
     0 | D:1      | Reached XP level 1. HP: 10/10 MP: 2/2
   304 | D:1      | Slain by a jackal

Illustrated notes

Levels and vault maps discovered:
D:1:      lemuel_arrival_funnel, layout_basic, serial_shops,
          nicolae_shop_waterfront, chequers_ecumenical_altar_simple

Action                   || total
-------------------------++-------
Melee: Unarmed           ||    14
       Punch             ||     1
       Bite              ||     1
Invok: Berserk           ||     1
Dodge: Dodged            ||    16
